 Dungeon Crawl Stone Soup version 0.30.0-29-ga12c61a403 (webtiles) character file.

Game seed: 97124667252893577

11183 cheesebisquit the Cleaver (level 11, -3/148 HPs)
             Began as a Minotaur Berserker on June 13, 2023.
             Was an Elder of Trog.
             Slain by a manticore (10 damage)
             ... on level 9 of the Dungeon.
             The game lasted 00:26:32 (9265 turns).

cheesebisquit the Cleaver (Minotaur Berserker)      Turns: 9265, Time: 00:26:32

Health: -3/148     AC: 11    Str: 38    XL:     11   Next: 46%
Magic:  10/10      EV: 10    Int:  4    God:    Trog [****..]
Gold:   637        SH: 12    Dex: 10    Spells: 10/10 levels left

rFire   . . .        N - +4 war axe
rCold   . . .        e - +2 kite shield
rNeg    . . .        g - +0 chain mail
rPois   .            (helmet restricted)
rElec   .            (no cloak)
rCorr   .            (no gloves)
SInv    .            (no boots)
Will    ++...        (no amulet) Stlth
                     y - +6 ring of strength
HPRegen 1.44/turn    c - +6 ring of strength
MPRegen 0.12/turn

%: no passive effects
@: berserking, strong-willed, spiked, regenerating, very quick
A: horns 2, retaliatory headbutt
a: Renounce Religion, Berserk, Trog's Hand, Brothers in Arms


You were on level 9 of the Dungeon.
You worshipped Trog.
Trog was greatly pleased with you.
You visited 1 branch of the dungeon, and saw 9 of its levels.
You also visited: Sewer.

You collected 754 gold pieces.
You spent 117 gold pieces at shops.

Inventory:

Hand Weapons
 u - a +0 war axe of draining
 D - a +3 battleaxe
 N - a +4 war axe (weapon)
Missiles
 l - 19 poisoned darts
 s - 5 silver boomerangs
 w - 5 throwing nets
 x - 6 boomerangs (quivered)
 H - 2 curare-tipped darts
Armour
 e - a +2 kite shield (worn)
 g - a +0 chain mail (worn)
Jewellery
 c - a +6 ring of strength (right hand)
 m - a ring of poison resistance
 r - a +5 ring of evasion
 y - a +6 ring of strength (left hand)
 A - a ring of protection from fire
 C - a ring of willpower
 F - a +4 ring of protection
Wands
 j - a wand of roots (1)
 I - a wand of charming (5)
 J - a wand of flame (9)
 M - a wand of polymorph (12)
Scrolls
 b - a scroll of vulnerability
 d - a scroll of immolation {unknown}
 k - 2 scrolls of poison
 n - 4 scrolls of blinking
 o - 6 scrolls of teleportation
 t - a scroll of amnesia {unknown}
 v - 3 scrolls of fear
 G - 3 scrolls of fog
 K - a scroll of magic mapping {unknown}
Potions
 a - 2 potions of attraction
 f - 6 potions of curing
 h - 3 potions of resistance
 i - a potion of invisibility
 p - 2 potions of brilliance
 q - 7 potions of flight
 z - a potion of haste
 B - a potion of might
 E - 2 potions of cancellation
 L - 2 potions of magic
 O - a potion of berserk rage {unknown}
 P - a potion of mutation {unknown}


   Skills:
 + Level 9.9 Fighting
 * Level 13.3 Axes
 + Level 3.0 Throwing
 + Level 9.5 Armour
 + Level 4.1 Dodging
 + Level 2.7 Stealth
 + Level 9.0 Shields
 + Level 2.7 Evocations


You had 10 spell levels left.
You didn't know any spells.
Your spell library was empty.

Dungeon Overview and Level Annotations

Branches:
Dungeon (9/15)             Temple (0/1) D:5            Lair (0/5) D:9
  Sewer (visited)
    Orc: D:9-12

Altars:
Elyvilon
Fedhas
Hepliaklqana
Makhleb
Okawaru
Trog
Xom
The Shining One

Shops:
D:4 (


Innate Abilities, Weirdness & Mutations

You have a pair of horns on your head.
You reflexively headbutt those who attack you in melee.


Message History

Trog accepts your kill.
The manticore flicks its tail.
The volley of spikes hits you!
The barbed spikes become lodged in your body.
The barbs in your skin will harm you if you move.
Continue? [Y]es or [N]o only, please.
The barbs in your skin will harm you if you move.
Continue? [Y]es or [N]o only, please.
The barbs in your skin will harm you if you move.
Continue? [Y]es or [N]o only, please.
The barbs in your skin will harm you if you move.
Continue? [Y]es or [N]o only, please.
The barbs in your skin will harm you if you move.
Continue?
The barbed spikes dig painfully into your body as you move.
The manticore barely misses you. You furiously retaliate!
You headbutt the manticore! The manticore claws you.
You block the manticore's attack.
You barely miss the manticore.
The manticore is lightly wounded.
The manticore bites you! The manticore claws you.
You block the manticore's attack.
You hit the manticore.
The manticore is lightly wounded.
The manticore bites you! The manticore claws you!
* * * LOW HITPOINT WARNING * * *
The manticore claws you!
* * * LOW HITPOINT WARNING * * *
Your skin crawls.
You feel strong-willed. The manticore bites you!
* * * LOW HITPOINT WARNING * * *
You block the manticore's attack.
The manticore claws you but does no damage.
You fail to use your ability.
The manticore bites you but does no damage.
You block the manticore's attack.
The manticore claws you but does no damage.
A red film seems to cover your vision as you go berserk!
You feel yourself moving faster!
You feel mighty! The manticore bites you!
You die...

♣...♣♣ ♣♣..##...
♣.♣..♣ ♣♣..####
♣.♣♣.♣♣ ♣......
♣.♣♣..♣♣♣♣♣♣......
♣.♣♣♣.....♣♣......
#♣.♣
♣♣♣.........~~
#..♣ ♣♣♣♣......~~
##..# ♣♣♣♣.~.≈.
#..@# ♣~≈~≈~ #..H#
♣.~~.. #...#
♣.♣... #....
####.. ..... ###
#.....# # #....##
######


You could see a manticore.

Vanquished Creatures
  Erica (D:8)
  A two-headed ogre (D:9)
  2 manticores (D:9)
  A merfolk (D:9)
  6 yaks (D:9)
  3 wyverns (D:9)
  2 hogs (D:9)
  4 water moccasins
  4 orc warriors
  6 black bears
  An ice beast (D:5)
  A sky beast (D:7)
  5 centaurs
  2 ogres
  3 phantoms
  3 kobold brigands
  Blork the orc (D:4)
  4 scorpions
  8 bullfrogs
  2 gnoll sergeants
  3 wights (D:7)
  9 killer bees
  3 howler monkeys
  4 electric eels (D:9)
  A jelly (D:6)
  5 hounds
  5 orc priests
  4 gnoll boudas
  2 sleepcaps
  3 iguanas
  Natasha (thrice) (D:2)
  Terence (D:2)
  8 orc wizards
  13 gnolls
  16 adders
  8 river rats
  4 shadow imps
  8 worms
  3 dart slugs
  35 orcs
  8 ball pythons
  8 endoplasms
  8 giant cockroaches
  9 goblins
  9 hobgoblins
  11 jackals
  25 kobolds
  9 quokkas
  14 bats
  5 frilled lizards
  9 rats
313 creatures vanquished.

Vanquished Creatures (collateral kills)
  2 two-headed ogres (D:9)
  An orc warrior (D:9)
  An ice beast (D:8)
  A kobold brigand (D:8)
  5 wights (D:8)
  2 killer bees (D:4)
  A howler monkey (D:8)
  A kobold (D:8)
14 creatures vanquished.

Grand Total: 327 creatures vanquished

Notes
Turn   | Place    | Note
-------+----------+-------------------------------------------
     0 | D:1      | cheesebisquit the Minotaur Berserker began the quest for
                  | the Orb.
     0 | D:1      | Reached XP level 1. HP: 19/19 MP: 0/0
    52 | D:1      | Found a faded altar of an unknown god.
   210 | D:1      | Reached skill level 4 in Axes
   210 | D:1      | Reached XP level 2. HP: 21/27 MP: 1/1
   646 | D:1      | Reached ** piety under Trog
   647 | D:1      | Reached XP level 3. HP: 33/33 MP: 2/2
  1112 | D:2      | Noticed Natasha
  1124 | D:2      | Killed Natasha
  1125 | D:2      | Reached skill level 1 in Shields
  1225 | D:2      | Found a bloodstained altar of Trog.
  1225 | D:2      | Noticed Terence
  1235 | D:2      | Reached XP level 4. HP: 29/40 MP: 3/3
  1237 | D:2      | Killed Terence
  1238 | D:2      | Reached skill level 5 in Axes
  1471 | D:2      | Noticed Natasha
  1478 | D:2      | Killed Natasha
  1531 | D:2      | Noticed Natasha
  1539 | D:2      | Killed Natasha
  1540 | D:2      | Reached XP level 5. HP: 35/47 MP: 4/4
  1832 | D:3      | Reached *** piety under Trog
  1994 | D:3      | Reached XP level 6. HP: 30/55 MP: 5/5
  2089 | D:3      | Found a glowing drain.
  2093 | D:3      | Reached skill level 6 in Axes
  2103 | Sewer    | Entered a sewer
  2374 | Sewer    | Reached skill level 5 in Fighting
  2478 | Sewer    | Reached **** piety under Trog
  2902 | D:3      | Found a glowing golden altar of the Shining One.
  3208 | D:4      | Noticed Blork the orc
  3226 | D:4      | Killed Blork the orc
  3227 | D:4      | Reached XP level 7. HP: 23/61 MP: 6/6
  3369 | D:4      | Reached skill level 7 in Axes
  3381 | D:4      | Reached skill level 5 in Armour
  3912 | D:4      | Found Saojae's Antique Weapon Emporium.
  3920 | D:4      | Bought a runed war axe for 117 gold pieces
  4471 | D:5      | Entered Level 5 of the Dungeon
  4477 | D:5      | Reached skill level 8 in Axes
  4477 | D:5      | Reached XP level 8. HP: 63/70 MP: 7/7
  4557 | D:5      | Found a staircase to the Ecumenical Temple.
  4570 | D:5      | Found a shimmering altar of Xom.
  4859 | D:5      | Reached skill level 5 in Shields
  4988 | D:5      | Reached skill level 9 in Axes
  5674 | D:6      | Reached XP level 9. HP: 79/79 MP: 8/8
  5797 | D:6      | Reached skill level 10 in Axes
  6171 | D:7      | Reached ***** piety under Trog
  6353 | D:7      | Found a burning altar of Makhleb.
  6353 | D:7      | Found a blossoming altar of Fedhas.
  6359 | D:7      | Found an iron altar of Okawaru.
  6362 | D:7      | Found a hazy altar of Hepliaklqana.
  6552 | D:7      | Reached skill level 11 in Axes
  7269 | D:8      | Found a white marble altar of Elyvilon.
  7394 | D:8      | Reached XP level 10. HP: 88/90 MP: 9/9
  7396 | D:8      | Noticed Erica
  7409 | D:8      | Killed Erica
  7410 | D:8      | Reached skill level 12 in Axes
  8128 | D:9      | Found a staircase to the Lair.
  8170 | D:9      | Noticed a manticore
  8177 | D:9      | Killed a manticore
  8178 | D:9      | Reached skill level 1 in Throwing
  8178 | D:9      | Reached skill level 1 in Stealth
  8178 | D:9      | Reached skill level 1 in Evocations
  8193 | D:9      | Noticed a manticore
  8197 | D:9      | Killed a manticore
  8594 | D:9      | Reached XP level 11. HP: 97/97 MP: 10/10
  8686 | D:9      | Noticed a two-headed ogre
  8691 | D:9      | Killed a two-headed ogre
  8696 | D:9      | Reached skill level 13 in Axes
  8724 | D:9      | Noticed a two-headed ogre
  8731 | D:9      | Killed a two-headed ogre
  8732 | D:9      | Noticed a two-headed ogre
  8738 | D:9      | Killed a two-headed ogre
  9145 | D:9      | Found a shimmering altar of Xom.
  9263 | D:9      | HP: 3/99 [manticore (16)]
  9265 | D:9      | Slain by a manticore

Illustrated notes

Levels and vault maps discovered:
D:1:      saegor_arrival_simple_b, layout_basic, ebering_ecumenical_altar_mist
D:2:      layout_basic, basic_altar, uniq_natasha, uniq_terence
D:3:      layout_rooms, amcnicky_altar_gilded, portal_sewer_entry_e
D:4:      layout_loops_corners, serial_shops, shop, item_on_display_a,
          uniq_blork_the_orc
D:5:      layout_basic, mainiacjoe_overflow_alcove_1,
          minmay_temple_entry_glassed_door
D:6:      layout_loops_ring, hangedman_decor_riveting
D:7:      layout_cave_pools, grunt_temple_overflow_cloverleaf,
          chequers_serial_rivers_marsh, grunt_ministairs_12
D:8:      layout_basic, elyvilon_altar_1, grunt_decor_resistance, uniq_erica
D:9:      kennysheep_town

Skill      XL: |  1  2  3  4  5  6  7  8  9 10 11 |
---------------+----------------------------------+-----
Axes           | 4 5 6 8 9 11 12 13 | 13.3
Fighting       | 4 5 6 7 8 9 |  9.9
Armour         | 3 4 5 6 8 9 |  9.5
Shields        | 1 2 3 4 6 7 8 9 |  9.0
Throwing       | 2 3 |  3.0
Stealth        | 1 2 |  2.7
Evocations     | 1 2 |  2.7
Dodging        | 3 4 |  4.1

Action                     |  1- 3 |  4- 6 |  7- 9 | 10-12 || total
---------------------------+-------+-------+-------+-------++-------
  Melee: Hand axe          |    53 |       |       |       ||    53
         Headbutt          |    11 |    27 |    47 |    17 ||   102
         War axe           |    29 |   264 |   278 |   149 ||   720
         Unarmed           |       |       |       |    15 ||    15
  Throw: Boomerang         |       |       |     4 |     2 ||     6
         Dart              |       |       |     2 |       ||     2
 Invoke: Trog's Hand       |       |       |     5 |     9 ||    14
         Brothers in Arms  |       |       |     1 |     4 ||     5
         Berserk           |       |       |     1 |     6 ||     7
    Use: Scroll            |       |       |       |    18 ||    18
   Stab: Sleeping          |       |       |     1 |       ||     1
 Armour: Animal skin       |    11 |       |       |       ||    11
         Chain mail        |    18 |   144 |    89 |    38 ||   289
         Skin              |       |       |       |     4 ||     4
  Dodge: Dodged            |    28 |    83 |   115 |    57 ||   283
  Block: Kite shield       |    20 |   111 |   129 |    76 ||   336
